 Dungeon Crawl Stone Soup version 0.28.0-53-g5a82cb258f (webtiles) character file.

Game seed: 9466771729206697133

28 ILmort the Skirmisher (level 2, 25/25 HPs)
             Began as a Palentonga Fighter on Aug 2, 2022.
             Quit the game on level 1 of the Dungeon on Aug 3, 2022.
             The game lasted 00:01:39 (1068 turns).

ILmort the Skirmisher (Palentonga Fighter)          Turns: 1068, Time: 00:01:40

Health: 25/25      AC:  6    Str: 19    XL:     2   Next: 96%
Magic:  2/2        EV:  7    Int:  8    God:
Gold:   27         SH:  4    Dex:  9    Spells: 1/1 levels left

rFire   . . .      SeeInvis +   a - +0 long sword
rCold   . . .      Faith    .   c - +0 buckler
rNeg    . . .      Spirit   .   b - +0 scale mail
rPois   .          Reflect  .   (no helmet)
rElec   .          Harm     .   (no cloak)
rCorr   .          Rampage  .   (no gloves)
Will    .....                   (no barding)
Stlth   ..........              (no amulet)
HPRegen 0.08/turn               (no ring)
MPRegen 0.08/turn               (no ring)

@: no status effects
A: large, rugged brown scales 3, see invisible, deformed body, roll 1, armoured
tail
a: Rolling Charge


You were on level 1 of the Dungeon.
You visited 1 branch of the dungeon, and saw 1 of its levels.

You collected 27 gold pieces.

Inventory:

Hand Weapons
 a - a +0 long sword (weapon)
Armour
 b - a +0 scale mail (worn)
 c - a +0 buckler (worn)
Scrolls
 f - a scroll of immolation {unknown}
Potions
 d - a potion of might
 e - 2 potions of curing {unknown}


   Skills:
 + Level 3.3 Fighting
 + Level 2.4 Long Blades
 + Level 2.7 Armour
 + Level 2.7 Shields


You had one spell level left.
You didn't know any spells.
Your spell library was empty.

Dungeon Overview and Level Annotations

Branches:
Dungeon (1/15)

Altars:


Innate Abilities, Weirdness & Mutations

You are completely covered in rugged brown scales. (AC +3, +7% HP)
You have supernaturally acute eyesight. (SInv)
Armour fits poorly on your strangely shaped body.
You can roll at nearby foes to attack.
You have a long armoured tail.


Message History

You open the door.
There is an open door here.
An endoplasm comes into view.
The endoplasm quivers.
You hit the endoplasm. You tail-slap the endoplasm.
The endoplasm is severely wounded.
You block the endoplasm's attack.
You barely miss the endoplasm.
The endoplasm is severely wounded.
The endoplasm barely misses you. x2
You barely miss the endoplasm.
The endoplasm is severely wounded.
The endoplasm hits you but does no damage.
You hit the endoplasm.
You kill the endoplasm!
You see here a +0 hand axe.
A quokka comes into view.
A quokka is nearby!
A goblin comes into view. It is wielding a +0 dagger.
The goblin shouts!
You closely miss the quokka.
The quokka twitches its whiskers.
The quokka bites you but does no damage.
You hit the quokka but do no damage.
Your tail-slap misses the quokka.
The quokka bites you but does no damage. x2
You barely miss the quokka.
The quokka bites you but does no damage.
You hit the quokka.
You kill the quokka!
You hit the goblin.
You kill the goblin!
Things that are here:
a +0 dagger; a quokka corpse Done exploring.
Done exploring.
Unknown command.
Unknown command.
Welcome back, ILmort the Palentonga Fighter.
Press ? for a list of commands and other information.
Are you sure you want to abandon this character and quit the game? (Confirm with "yes".)

......'..........................
......#################........##
####### #.######## .# #.# .####
###### ###### #.#
....####....####....###.#
.....##......##......##.#
###..##..##..##..##..##)#
#..##..#....#.@##..##.#
#..##..#..<.#..##..##.#
#..##..##..##..##..##.#
#......##......##.....#
##....####....####....# ######
###### ######


There were no monsters in sight!

Vanquished Creatures
  A dart slug (D:1)
  3 bats (D:1)
  5 endoplasms (D:1)
  2 goblins (D:1)
  3 hobgoblins (D:1)
  4 quokkas (D:1)
  A ball python (D:1)
  A frilled lizard (D:1)
  2 rats (D:1)
22 creatures vanquished.

Notes
Turn   | Place    | Note
-------+----------+-------------------------------------------
     0 | D:1      | ILmort the Palentonga Fighter began the quest for the Orb.
     0 | D:1      | Reached XP level 1. HP: 19/19 MP: 1/1
   180 | D:1      | Reached XP level 2. HP: 13/25 MP: 2/2
  1068 | D:1      | Quit the game

Illustrated notes

Levels and vault maps discovered:
D:1:      minmay_arrival_wavy_path, layout_basic

Action                   || total
-------------------------++-------
Melee: Long sword        ||    65
       Tailslap          ||     5
 Stab: Distracted        ||     1
Armor: Scale mail        ||    43
Dodge: Dodged            ||    19
Block: Buckler           ||    16
